 Seeded DCSS version 0.30.0-29-ga12c61a403 (webtiles) character file.

Game seed: 18007716519941398942 (custom seed)

16 Dadbod the Shield-Bearer (level 2, 24/24 HPs)
             Began as a Formicid Fighter on June 5, 2023.
             Quit the game on level 1 of the Dungeon.
             The game lasted 00:01:48 (162 turns).

Dadbod the Shield-Bearer (Formicid Fighter)          Turns: 162, Time: 00:01:48

Health: 24/24      AC:  6    Str: 22    XL:     2   Next: 70%
Magic:  2/2        EV:  9    Int:  7    God:
Gold:   1036       SH:  5    Dex: 13    Spells: 1/1 levels left

rFire   . . .        i - +8 great mace of a volcano {heavy, Str+2}
rCold   . . .        c - +0 buckler
rNeg    . . .        b - +0 scale mail
rPois   .            (helmet unavailable)
rElec   .            (no cloak)
rCorr   .            (no gloves)
SInv    +            (no boots)
Will    .....        e - amulet of the acrobat Stlth
                     (no ring)
HPRegen 0.24/turn    (no ring)
MPRegen 0.08/turn

%: acrobat
@: no status effects
A: permanent stasis, dig shafts and tunnels, antennae 3, four strong arms
a: Dig, Shaft Self


You were on level 1 of the Dungeon.
You visited 1 branch of the dungeon, and saw 1 of its levels.

You collected 1036 gold pieces.

Inventory:

Hand Weapons
 a - a +0 flail
 i - the +8 great mace of a volcano (weapon) {heavy, Str+2}
   (You acquired it on level 1 of the Dungeon)

   Str:       It affects your strength (+2).
Armour
 b - a +0 scale mail (worn)
 c - a +0 buckler (worn)
Jewellery
 e - an amulet of the acrobat (around neck)
Scrolls
 g - a scroll of fog {unknown}
 h - a scroll of acquirement
Potions
 d - a potion of might
 f - 2 potions of heal wounds {unknown}


   Skills:
 + Level 3.5 Fighting
 + Level 2.0 Maces & Flails
 + Level 3.6 Armour
 + Level 4.4 Shields


You had one spell level left.
You didn't know any spells.
Your spell library was empty.

Dungeon Overview and Level Annotations

Branches:
Dungeon (1/15)

Altars:


Innate Abilities, Weirdness & Mutations

You cannot be hasted, slowed, berserked, paralysed or teleported.
You can dig through walls and to a lower floor.
You have a pair of large antennae on your head. (SInv)
Your four strong arms can wield two-handed weapons with a shield.


Message History

The endoplasm quivers.
A frilled lizard comes into view.
The frilled lizard hisses angrily.
The goblin misses you.
You barely miss the goblin. The goblin hits you but does no damage.
The goblin closely misses you.
You completely miss the goblin. The goblin hits you but does no damage.
You closely miss the goblin. You block the goblin's attack.
You closely miss the goblin. The goblin hits you but does no damage.
The goblin closely misses you.
You closely miss the goblin. The goblin hits you with a +0 dagger.
You thump the goblin!
You kill the goblin!
You barely miss the endoplasm.
The endoplasm hits you but does no damage.
The endoplasm freezes you.
You are frozen.
You hit the endoplasm.
The endoplasm is moderately wounded.
The frilled lizard unfolds its giant frill.
The endoplasm closely misses you.
You hit the endoplasm.
You kill the endoplasm!
You closely miss the frilled lizard. You block the frilled lizard's attack.
The frilled lizard bites you but does no damage.
You closely miss the frilled lizard. You block the frilled lizard's attack.
You hit the frilled lizard.
You kill the frilled lizard!
Things that are here:
a +0 dagger; a frilled lizard corpse
Found 3 scrolls labelled DICAOL JAOKK.
h - 3 scrolls labelled DICAOL JAOKK This is a scroll of acquirement!
Something appears at your feet!
You now have 1036 gold pieces (gained 1027).
Something appears at your feet!
i - the +8 great mace of a volcano {heavy, Str+2} You feel stronger.
i - the +8 great mace of a volcano (weapon)
{heavy, Str+2} Are you sure you want to abandon this character and quit the game? (Confirm with "yes".)

.............(
..##.#.######
.###.#.# .#
#.#.##############
.#
#.#..............#
.#
#.#############.##
.# #.# #.. ..#.#
####.##### #.#
#.#)# #......)#
#.# #@#.#
#.#.##.## #.#
#.#.# #.#..# #
##.###.#.# # ##.#
#...)..#.# #.#
#..###.#.# { #.#
#..# #.#.# #.#
#..# ###.# #.#
#..# #.# !.# #..#
#.#


There were no monsters in sight!

Vanquished Creatures
  4 endoplasms (D:1)
  A goblin (D:1)
  A hobgoblin (D:1)
  4 jackals (D:1)
  A kobold (D:1)
  A frilled lizard (D:1)
12 creatures vanquished.

Notes
Turn   | Place    | Note
-------+----------+-------------------------------------------
     0 | D:1      | Dadbod the Formicid Fighter began the quest for the Orb.
     0 | D:1      | Reached XP level 1. HP: 18/18 MP: 1/1
    27 | D:1      | Reached XP level 2. HP: 19/24 MP: 2/2
   157 | D:1      | Identified 3 scrolls of acquirement
   157 | D:1      | Acquired 1027 gold pieces
   159 | D:1      | Acquired the +8 great mace of a volcano {heavy, Str+2}
   162 | D:1      | Quit the game

Illustrated notes

Levels and vault maps discovered:
D:1:      psy_arrival_dodecagon, layout_basic,
          dreamdust_ecumenical_altar_sealed_demon

Action                     || total
---------------------------++-------
  Melee: Flail             ||    27
    Use: Scroll            ||     2
 Armour: Scale mail        ||    11
  Dodge: Dodged            ||     8
  Block: Buckler           ||     5
